 Dungeon Crawl Stone Soup version 0.30-a0-1163-gf69bf04e7a (webtiles) character file.

Game seed: 16939128828317963560

85 subawu the Sneak (level 4, 0/27 HPs)
             Began as a Kobold Brigand on Apr 28, 2023.
             Slain by an adder (2 damage)
             ... on level 3 of the Dungeon.
             The game lasted 00:13:27 (2485 turns).

subawu the Sneak (Kobold Brigand)                   Turns: 2485, Time: 00:13:28

Health: 0/27       AC:  3    Str: 10    XL:     4   Next: 75%
Magic:  4/4        EV: 14    Int: 12    God:
Gold:   183        SH:  0    Dex: 16    Spells: 3/3 levels left

rFire   . . .        a - +2 dagger
rCold   . . .        (no shield)
rNeg    . . .        b - +0 robe
rPois   .            (no helmet)
rElec   .            c - +0 cloak
rCorr   .            (no gloves)
SInv    .            (no boots)
Will    .....        (no amulet)
Stlth   ++++         (no ring)
HPRegen 0.24/turn    (no ring)
MPRegen 0.09/turn

%: no passive effects
@: lethally poisoned (0 -> -3)
A: small, no large weapons, nightstalker 3
a: no special abilities


You were on level 3 of the Dungeon.
You visited 1 branch of the dungeon, and saw 3 of its levels.

You collected 183 gold pieces.

Inventory:

Hand Weapons
 a - a +2 dagger (weapon)
Missiles
 d - 15 poisoned darts (quivered)
 e - 3 curare-tipped darts
 h - 14 stones
Armour
 b - a +0 robe (worn)
 c - a +0 cloak (worn)
Jewellery
 g - a ring of flight
 i - a ring of positive energy
Scrolls
 k - a scroll of vulnerability
 l - a scroll of fog
 m - a scroll of immolation {unknown}
Potions
 f - a potion of invisibility
 j - 3 potions of curing


   Skills:
 + Level 2.8 Fighting
 + Level 4.0 Short Blades
 + Level 2.3 Throwing
 + Level 1.6 Dodging
 + Level 6.7 Stealth


You had 3 spell levels left.
You didn't know any spells.
Your spell library was empty.

Dungeon Overview and Level Annotations

Branches:
Dungeon (3/15)

Altars:
Sif Muna


Innate Abilities, Weirdness & Mutations

You are small and have problems with some larger weapons.
You are completely attuned to the shadows.


Message History

You feel sick. The adder closely misses you.
You feel sick. The adder bites you.
You barely miss the adder. The adder misses you.
You hit the adder but do no damage.
You feel sick. The adder misses you.
You closely miss the adder.
You feel sick.
You are no longer poisoned.
The adder bites you but does no damage.
You closely miss the adder. The adder barely misses you.
You barely miss the adder. The adder bites you.
You are poisoned.
The adder poisons you!
You closely miss the adder.
You feel sick. The adder bites you but does no damage. The adder bites you.
You are more poisoned.
The adder poisons you!
You hit the adder.
The adder is lightly wounded.
* * * LOW HITPOINT WARNING * * *
You feel sick. The adder closely misses you.
You hit the adder.
The adder is heavily wounded.
* * * LOW HITPOINT WARNING * * *
You feel sick. The adder barely misses you.
You miss the adder.
The adder is heavily wounded.
* * * LOW HITPOINT WARNING * * *
You feel sick. The adder misses you.
You hit the adder but do no damage.
The adder is heavily wounded.
* * * LOW HITPOINT WARNING * * *
You feel sick. The adder bites you.
* * * LOW HITPOINT WARNING * * *
You hit the adder.
The adder is severely wounded.
* * * LOW HITPOINT WARNING * * *
You feel sick. The adder misses you.
You miss the adder.
The adder is severely wounded.
The adder bites you.
You die...

########## #~~~~~~~~#
#~##..##~# #~##..##~#
.... . '.......~# #....#
.# '.......~# #....##.#
#~##..##~# #.......#
#~##..##~###.....####
#~~~~~~~~#......@S..#
##########......#.#..#
...<.....#...##..§.....
>............###.≈§≈≈≈.#
......####.##...§≈≈≈≈○.#
......# #.##....≈§_...#
..#...# #..#....≈§≈≈≈.#
......# ##......≈≈≈≈≈.#
......# ###.......°..#


You could see an adder.

Vanquished Creatures
  4 adders
  2 worms
  2 dart slugs (D:1)
  5 endoplasms
  A giant cockroach (D:1)
  4 goblins
  3 hobgoblins
  2 jackals (D:1)
  2 quokkas
  A ball python (D:1)
  5 bats
  4 frilled lizards
  2 kobolds (D:2)
  3 rats
40 creatures vanquished.

Notes
Turn   | Place    | Note
-------+----------+-------------------------------------------
     0 | D:1      | subawu the Kobold Brigand began the quest for the Orb.
     0 | D:1      | Reached XP level 1. HP: 12/12 MP: 1/1
   251 | D:1      | Reached XP level 2. HP: 18/18 MP: 2/2
   723 | D:1      | Reached skill level 6 in Stealth
   746 | D:1      | Reached XP level 3. HP: 22/22 MP: 3/3
  1544 | D:2      | Reached XP level 4. HP: 27/27 MP: 4/4
  2341 | D:3      | Found a shimmering blue altar of Sif Muna.
  2485 | D:3      | Slain by an adder

Illustrated notes

Levels and vault maps discovered:
D:1:      wander_arrival_lonely_grave, layout_loops_ring,
          shapermc_ecumenical_altar_mp_vishouse,
          nicolae_concentric_dashed_squares_wild, corexii_hall_statues_x,
          minmay_misc_feat_columns
D:2:      layout_loops_ring
D:3:      layout_basic, nicolae_sif_muna_condensation,
          mainiacjoe_overflow_catwalk, hex_large, kennysheep_generic_room_5

Skill      XL: |  1  2  3  4 |
---------------+-------------+-----
Stealth        | 6 |  6.7
Short Blades   | 3 4 |  4.0
Fighting       | |  2.8
Throwing       | |  2.3
Dodging        | |  1.6

Action                     |  1- 3 |  4- 6 || total
---------------------------+-------+-------++-------
  Melee: Dagger            |    52 |    45 ||    97
         Punch             |     1 |     1 ||     2
  Throw: Dart              |     1 |     1 ||     2
    Use: Scroll            |     4 |     1 ||     5
         Potion            |       |     2 ||     2
   Stab: Sleeping          |    12 |     7 ||    19
 Armour: Robe              |    11 |    11 ||    22
  Dodge: Dodged            |    35 |    32 ||    67

Table legend: (Time is in decaauts)
 A = Elapsed time spent in this place.
 B = Non-inter-level travel time spent in this place.
 C = Inter-level travel time spent in this place.
 D = Time resting spent in this place.
 E = Time spent auto-exploring this place.
 F = Levels seen in this place.
 G = Mean time per level.
                   A        B        C        D        E       F      G
               +--------+--------+--------+--------+--------+-----+--------+
         Total |   2451 |   2079 |    372 |     42 |      0 |   3 |  817.0 |
       Dungeon |   2451 |   2079 |    372 |     42 |      0 |   3 |  817.0 |
               +--------+--------+--------+--------+--------+-----+--------+

Top non-repeatable levels by time:
     D:1: 1100 daAuts
     D:2: 1010 daAuts
     D:3: 340 daAuts
